 Dungeon Crawl Stone Soup version 0.30-a0-739-gea05faddec (webtiles) character file.

Game seed: 17554816159705145629

4039 porpoise the Severer (level 10, -1/91 HPs)
             Began as a Hill Orc Monk on Feb 5, 2023.
             Was a Priest of Qazlal.
             Slain by a boulder beetle (20 damage)
             ... on level 8 of the Dungeon.
             The game lasted 00:26:12 (8285 turns).

porpoise the Severer (Hill Orc Monk)                Turns: 8285, Time: 00:26:12

Health: -1/91      AC: 11    Str: 19    XL:     10   Next: 24%
Magic:  9/12       EV: 15    Int: 10    God:    Qazlal [***...]
Gold:   507        SH:  4    Dex: 13    Spells: 9/9 levels left

rFire   . . .      SeeInvis .    a - +0 war axe
rCold   . . .      Faith    .    (no shield)
rNeg    + . .      Spirit   .    l - +3 scale mail
rPois   .          Reflect  .    (no helmet)
rElec   .          Harm     .    E - +0 cloak
rCorr   .          Rampage  .    (no gloves)
Will    .....                    f - +0 pair of boots Stlth
                                 (no amulet)
HPRegen 0.35/turn                i - +5 ring of evasion
MPRegen 0.13/turn                s - ring of positive energy

@: mighty, slowed, very slow
A: no striking features
a: Renounce Religion, Upheaval, Elemental Force


You were on level 8 of the Dungeon.
You worshipped Qazlal.
Qazlal was most pleased with you.
You visited 2 branches of the dungeon, and saw 10 of its levels.

You collected 507 gold pieces.

Inventory:

Hand Weapons
 a - a +0 war axe (weapon)
 b - a +0 sling
 w - a +1 flail of protection
 z - a +1 scimitar of flaming
 J - a +0 battleaxe
Missiles
 g - 18 poisoned darts
 p - 3 boomerangs (quivered)
Armour
 f - a +0 pair of boots (worn)
 l - a +3 scale mail (worn)
 t - a +2 robe of willpower
 u - a +0 scale mail of poison resistance
 E - a +0 cloak (worn)
Jewellery
 e - an amulet of magic regeneration
 i - a +5 ring of evasion (left hand)
 s - a ring of positive energy (right hand)
 I - a +6 ring of intelligence
Wands
 x - a wand of flame (26)
 G - a wand of quicksilver (6)
Scrolls
 d - 3 scrolls of identify
 h - a scroll of amnesia
 k - a scroll of fog
 m - a scroll of poison
 n - a scroll of blinking
 o - a scroll of enchant armour
 q - 4 scrolls of teleportation
 v - a scroll of vulnerability
 y - 2 scrolls of fear
 A - 2 scrolls of noise
 H - a scroll of immolation
Potions
 c - 3 potions of ambrosia
 j - a potion of flight
 r - a potion of magic
 C - a potion of lignification
 F - a potion of brilliance
 K - a potion of haste


   Skills:
 - Level 9.0 Fighting
 - Level 16.0 Axes
 + Level 2.1 Armour
 + Level 2.8 Dodging
 - Level 1.5 Stealth
 * Level 3.3 Invocations


You had 9 spell levels left.
You didn't know any spells.
Your spell library contained the following spells:

 Spells                   Type           Power      Damage    Failure   Level
 Beastly Appendage        Tmut           0%         N/A       75%         1
 Freeze                   Ice            0%         1d3       75%         1
 Wereblood                Tmut           0%         N/A       86%         2
 Frozen Ramparts          Ice            0%         1d1       98%         3
 Hailstorm                Conj/Ice       0%         3d3       98%         3
 Spider Form              Tmut/Pois      0%         N/A       98%         3
 Freezing Cloud           Conj/Ice/Air   0%         6-21      100%        5
 Simulacrum               Ice/Necr       0%         N/A       100%        6
 Polar Vortex             Ice            0%         N/A       100%        9


Dungeon Overview and Level Annotations

Branches:
Dungeon (9/15)             Temple (1/1) D:5
   Lair: D:8-11         Orc: D:9-12

Altars:
Ashenzari
Cheibriados
Dithmenos
Gozag
Hepliaklqana
Makhleb
Okawaru
Qazlal
Ru
Sif Muna
Wu Jian
Yredelemnul
The Shining One

Shops:
D:6 :


Message History

The boulder beetle closely misses you.
You hit the boulder beetle but do no damage.
The boulder beetle is heavily wounded.
You hit the wraith but do no damage. The wraith closely misses you.
The boulder beetle misses you.
You hit the boulder beetle but do no damage.
The boulder beetle is heavily wounded.
You slice the wraith!!
You destroy the wraith!
Qazlal accepts your kill.
The boulder beetle bites you but does no damage.
Your life force feels restored.
Your Armour skill increases to level 2!
Your Invocations skill increases to level 3!
You hit the boulder beetle but do no damage.
The boulder beetle is heavily wounded.
The boulder beetle bites you!
* * * LOW HITPOINT WARNING * * *
You barely miss the boulder beetle.
The boulder beetle is heavily wounded.
The boulder beetle bites you!
* * * LOW HITPOINT WARNING * * *
You feel much better. The boulder beetle bites you.
You slash the boulder beetle!
The boulder beetle is heavily wounded.
The boulder beetle completely misses you.
You hit the boulder beetle but do no damage.
The boulder beetle is heavily wounded.
The boulder beetle bites you!
* * * LOW HITPOINT WARNING * * *
The boulder beetle bites you but does no damage.
Okay, then.
Aiming: Upheaval
Press: ? - help, Dir - move target Magma suddenly erupts from the ground!
The boulder beetle bites you.
* * * LOW HITPOINT WARNING * * *
The boulder beetle attacks as you move away!
The boulder beetle bites you!!
You die...

##### #.# #### #.# ...## #.#
....## #.########
.....#######........#
##............####..#
##..#########.####..#########
.)..# #.##.B..........##### ###.#
#.##@#○.##........... ##.##
#.##†#..##...##.####. #...#
#.......##.####.# #. #...#
#########.#####.####.####. #...#
#.........................
##...###.#.....<...........#.####
.........#.#...#.#.........#.####
..........<....#...........#.##..
.........#.......#.........#.##.#


You could see a boulder beetle.

Vanquished Creatures
  Erica (D:8)
  Psyche (D:7)
  Prince Ribbit (D:5)
  A wyvern (D:8)
  A wraith (D:8)
  A steam dragon (D:8)
  Eustachio (D:5)
  3 water moccasins
  An orc warrior (D:6)
  3 ogres
  A sky beast (D:7)
  An ice beast (D:7)
  6 bullfrogs
  A necrophage (D:7)
  A scorpion (D:7)
  4 wights
  4 killer bees (D:8)
  An electric eel (D:7)
  3 jellies
  2 orc priests (D:3)
  A hound (D:5)
  Crazy Yiuf (D:7)
  Terence (D:3)
  3 iguanas
  Natasha (thrice) (D:1)
  4 orc wizards
  3 gnolls (D:5)
  4 adders
  3 white imps
  An ufetubus (D:6)
  3 worms
  2 dart slugs
  23 orcs
  10 endoplasms
  A giant cockroach (D:3)
  11 goblins
  9 hobgoblins
  2 jackals (D:4)
  2 quokkas
  5 ball pythons
  3 bats
  A frilled lizard (D:1)
  5 kobolds
  6 rats (D:1)
145 creatures vanquished.

Notes
Turn   | Place    | Note
-------+----------+-------------------------------------------
     0 | D:1      | porpoise the Hill Orc Monk began the quest for the Orb.
     0 | D:1      | Reached XP level 1. HP: 19/19 MP: 1/1
   179 | D:1      | Reached XP level 2. HP: 26/27 MP: 2/2
   510 | D:1      | Reached skill level 5 in Axes
   640 | D:1      | Reached XP level 3. HP: 33/33 MP: 3/3
   823 | D:2      | Noticed Natasha
   838 | D:1      | Killed Natasha
   856 | D:1      | Noticed Natasha
   873 | D:1      | Killed Natasha
   874 | D:1      | Reached skill level 6 in Axes
   874 | D:1      | Reached XP level 4. HP: 20/41 MP: 4/4
  1057 | D:1      | Noticed Natasha
  1094 | D:1      | Killed Natasha
  1325 | D:2      | Reached XP level 5. HP: 46/47 MP: 5/5
  1929 | D:3      | Noticed Terence
  1953 | D:3      | Killed Terence
  1954 | D:3      | Reached skill level 5 in Fighting
  2097 | D:3      | Reached skill level 7 in Axes
  2761 | D:3      | Reached XP level 6. HP: 56/56 MP: 6/6
  2848 | D:4      | Reached skill level 8 in Axes
  3480 | D:5      | Entered Level 5 of the Dungeon
  3496 | D:5      | Noticed Eustachio
  3531 | D:5      | Killed Eustachio
  3532 | D:5      | Reached XP level 7. HP: 39/63 MP: 7/7
  3670 | D:5      | Noticed Prince Ribbit
  3682 | D:5      | Reached skill level 9 in Axes
  3858 | D:5      | Found a staircase to the Ecumenical Temple.
  3868 | Temple   | Entered the Ecumenical Temple
  3920 | Temple   | Became a worshipper of Qazlal Stormbringer
  3920 | Temple   | Reached * piety under Qazlal
  3920 | Temple   | Reached ** piety under Qazlal
  3997 | D:5      | You fall into a shaft and drop 1 floor!
  4117 | D:6      | Found a burning altar of Makhleb.
  4165 | D:6      | Reached skill level 10 in Axes
  4229 | D:6      | Found a basalt altar of Yredelemnul.
  4256 | D:6      | Found Zera's Tremendous Tomes.
  4456 | D:5      | Reached XP level 8. HP: 69/73 MP: 8/8
  4546 | D:5      | Found an opulent altar of Gozag.
  4546 | D:5      | Found a hazy altar of Hepliaklqana.
  4676 | D:5      | Found a shadowy altar of Dithmenos.
  4810 | D:5      | Killed Prince Ribbit
  4981 | D:5      | Reached skill level 11 in Axes
  5484 | D:6      | Found an ornate altar of the Wu Jian Council.
  6008 | D:7      | Reached skill level 12 in Axes
  6057 | D:7      | Found a snail-covered altar of Cheibriados.
  6194 | D:7      | Reached XP level 9. HP: 75/82 MP: 9/9
  6276 | D:7      | Found a runed translucent door.
  6277 | D:7      | Noticed Crazy Yiuf
  6404 | D:7      | Reached skill level 13 in Axes
  6744 | D:7      | Found a broken altar of Ashenzari.
  7006 | D:7      | Killed Crazy Yiuf
  7096 | D:8      | Reached *** piety under Qazlal
  7097 | D:8      | Reached skill level 14 in Axes
  7447 | D:8      | Found an iron altar of Okawaru.
  7447 | D:8      | Noticed Psyche
  7503 | D:7      | Killed Psyche
  7504 | D:7      | Reached skill level 15 in Axes
  7623 | D:8      | Noticed Erica
  7647 | D:8      | Killed Erica
  7648 | D:8      | Reached skill level 16 in Axes
  7648 | D:8      | Reached skill level 1 in Armour
  7648 | D:8      | Reached skill level 1 in Invocations
  7648 | D:8      | Reached XP level 10. HP: 62/91 MP: 9/11
  8258 | D:9      | Noticed a boulder beetle
  8285 | D:8      | Slain by a boulder beetle

Illustrated notes

Levels and vault maps discovered:
D:1:      spicycebolla_arrival_risky_transporter, layout_loops_ring
D:2:      layout_rooms, chequers_serial_rivers_micro_e, uniq_natasha
D:3:      layout_basic, uniq_terence
D:4:      layout_cave_pools, chequers_arboretum
D:5:      layout_cave_pods, nicolae_dithmenos_through_a_glass_darkly,
          nicolae_overflow_two_pavilions, minmay_temple_entry_slanted,
          uniq_eustachio, uniq_prince_ribbit1
D:6:      layout_basic, nicolae_wu_jian_wuxing_cycle, mainiacjoe_overflow_paths,
          marbit_many_paths, chequers_hall_statues_corner_a,
          nicolae_shop_i_like_big_books, roderic_roman_lattice,
          minmay_misc_feat_rows, minmay_door_square
D:7:      layout_loops_ring, cheibrodos_ashenzari_chains,
          overflow_temple_1_default, kennysheep_crisscross,
          chequers_mini_garden, uniq_crazy_yiuf_cottage
D:8:      layout_loops_cross, lemuel_tele_altar, uniq_psyche, uniq_erica
D:9:      hangedman_cross_stitches, layout_loops_ring,
          nicolae_uskayaw_en_pointe, kennysheep_mini_moat, ebering_ghost_gozag
Temple:   hellmonk_temple_beads

Skill      XL: |  1  2  3  4  5  6  7  8  9 10 |
---------------+-------------------------------+-----
Fighting       | 4 5 6 7 8 9 |  9.0
Axes           | 5 6 7 8 10 12 16 | 16.0
Armour         | 1 2 |  2.1
Invocations    | 1 3 |  3.3
Dodging        | |  2.8
Stealth        | |  1.5

Action                     |  1- 3 |  4- 6 |  7- 9 | 10-12 || total
---------------------------+-------+-------+-------+-------++-------
  Melee: Hand axe          |   120 |   113 |       |       ||   233
         Punch             |       |     3 |     4 |     1 ||     8
         War axe           |       |    92 |   264 |    23 ||   379
         Unarmed           |       |       |     1 |       ||     1
   Fire: Sling             |       |    39 |       |     8 ||    47
  Throw: Dart              |     1 |    11 |     3 |       ||    15
 Invoke: Upheaval          |       |       |       |     1 ||     1
    Use: Potion            |     2 |     3 |     4 |     2 ||    11
         Scroll            |       |     3 |     7 |     7 ||    17
   Stab: Sleeping          |     2 |       |       |       ||     2
 Armour: Robe              |    14 |     1 |       |       ||    15
         Leather armour    |       |     2 |       |       ||     2
         Scale mail        |       |    79 |    76 |     6 ||   161
  Dodge: Dodged            |    77 |   183 |   174 |    29 ||   463
  Block: Other             |       |       |    19 |     7 ||    26

Table legend: (Time is in decaauts)
 A = Elapsed time spent in this place.
 B = Non-inter-level travel time spent in this place.
 C = Inter-level travel time spent in this place.
 D = Time resting spent in this place.
 E = Time spent auto-exploring this place.
 F = Levels seen in this place.
 G = Mean time per level.
                   A        B        C        D        E       F      G
               +--------+--------+--------+--------+--------+-----+--------+
         Total |   8295 |   7935 |    360 |   1830 |   4533 |  10 |  829.5 |
       Dungeon |   8218 |   7882 |    336 |   1830 |   4501 |   9 |  913.1 |
        Temple |     76 |     52 |     24 |      0 |     32 |   1 |   76.0 |
               +--------+--------+--------+--------+--------+-----+--------+

Top non-repeatable levels by time:
     D:5: 1186 daAuts
     D:7: 1149 daAuts
     D:3: 1149 daAuts
     D:1: 1140 daAuts
     D:6: 1108 daAuts
     D:8: 1052 daAuts
     D:4: 773 daAuts
     D:2: 562 daAuts
     D:9: 95 daAuts
  Temple: 76 daAuts
